 Dungeon Crawl Stone Soup version 0.21.0-3-g78d12a8 (console) character file.

169 removed the Chiller (level 5, -8/40 HPs)
             Began as a Demigod Wanderer on Jan 15, 2018.
             Mangled by a gnoll
             ... wielding a +0 flail
              (11 damage)
             ... on level 3 of the Dungeon.
             The game lasted 00:07:45 (2772 turns).

removed the Chiller (Demigod Wanderer)              Turns: 2772, Time: 00:07:46

Health: -8/40      AC:  2    Str: 13    XL:     5   Next: 4%
Magic:  7/13       EV: 11    Int: 19    God:
Gold:   119        SH:  0    Dex: 16    Spells: 1/11 levels left

rFire    . . .     SeeInvis .   a - +0 short sword (drain)
rCold    + . .     Gourm    .   (no shield)
rNeg     . . .     Faith    .   d - +0 robe
rPois    .         Spirit   .   (no helmet)
rElec    .         Reflect  .   l - scarf {repulsion}
rCorr    .         Harm     .   (no gloves)
MR       .....                  (no boots)
Stlth    ++........             (no amulet)
HPRegen  0.13/turn              q - ring of protection from cold
MPRegen  0.13/turn              (no ring)

@: repel missiles
A: high mp 1
a: no special abilities


You were on level 3 of the Dungeon.
You were not hungry.

You visited 1 branch of the dungeon, and saw 3 of its levels.

You collected 119 gold pieces.

Inventory:

Hand Weapons
 a - a +0 short sword of draining (weapon)
 e - a +0 dagger
 u - a +0 flail of holy wrath
Armour
 d - a +0 robe (worn)
 l - a scarf of repulsion (worn)
 v - a +1 ring mail of poison resistance
Jewellery
 q - a ring of protection from cold (left hand)
Scrolls
 c - 2 scrolls of teleportation
 g - a scroll of immolation {unknown}
 j - 6 scrolls of identify
 n - a scroll of enchant weapon {unknown}
 p - a scroll of remove curse {unknown}
 s - a scroll of amnesia {unknown}
 t - a scroll of noise {unknown}
Potions
 i - a potion of might
 k - a potion of curing
 o - a potion of heal wounds
 w - a potion of brilliance {unknown}
Books
 b - the Reference Book on the Snowflakes

   Spells                             Type                      Level
   a - Freeze                         Ice                          1
   b - Ozocubu's Armour               Charms/Ice                   3
 x - a book of Minor Magic

   Spells                             Type                      Level
   a - Magic Dart                     Conjuration                  1
   b - Blink                          Translocation                2
   c - Call Imp                       Summoning                    2
   d - Slow                           Hexes                        2
   e - Conjure Flame                  Conjuration/Fire             3
   f - Mephitic Cloud                 Conjuration/Poison/Air       3
Comestibles
 f - a ration


   Skills:
 - Level 1.0 Fighting
 - Level 1.0 Short Blades
 - Level 1.0 Throwing
 - Level 1.0 Stealth
 - Level 3.6 Spellcasting
 - Level 1.0 Translocations
 + Level 4.5 Ice Magic
   Level 1.0 Evocations


You had one spell level left.
You knew the following spells:

 Your Spells              Type           Power        Failure   Level  Hunger
a - Magic Dart            Conj           #...         14%         1    None
b - Freeze                Ice            ###.         2%          1    None
c - Conjure Flame         Conj/Fire      #.......     41%         3    ###....
l - Blink                 Tloc           N/A          14%         2    ##.....
m - Mephitic Cloud        Conj/Pois/Air  #.......     41%         3    ###....


Dungeon Overview and Level Annotations

Branches:
Dungeon (3/15)

Annotations:
D:3 Ijyb; Suckerboh's ghost, novice FoAK


Innate Abilities, Weirdness & Mutations

You have an increased reservoir of magic. (+10% MP)


Message History

You have reached level 5!
The gnoll hits you with a flail.
Casting: Freeze
Confirm with . or Enter, or press ? or * to list all spells.
Aiming: Freeze
Press: ? - help, Shift-Dir - straight line, f - gnoll
Aim: a gnoll, wielding a flail You freeze the gnoll.
The gnoll is lightly wounded.
The gnoll hits you with a flail!
* * * LOW HITPOINT WARNING * * *
Casting: Freeze
Confirm with . or Enter, or press ? or * to list all spells.
Aiming: Freeze
Press: ? - help, Shift-Dir - straight line, f/p - gnoll
Aim: a gnoll, wielding a flail (lightly wounded)
You freeze the gnoll.
The gnoll is severely wounded.
The gnoll hits you with a flail!
You die...

.. .. #.....##.
#. #.......
#...... .#
#.....# ..#
#.....#
...#.....#
###.#...g.# #
#......@####....
.............#
#......(######
#.....)<#
........#
#.......#
........#
#......(#
#.#######


You could see a gnoll.

Vanquished Creatures
  A hound (D:2)
  Terence (D:2)
  3 gnolls (D:3)
  4 adders (D:2)
  A worm (D:2)
  A dart slug (D:1)
  7 bats
  4 giant cockroaches
  3 goblins (D:1)
  5 hobgoblins
  2 quokkas (D:2)
  4 kobolds
  15 rats
51 creatures vanquished.

Notes
Turn   | Place    | Note
-------+----------+-------------------------------------------
     0 | D:1      | removed the Demigod Wanderer began the quest for the Orb.
     0 | D:1      | removed set off with: a book of Minor Magic, the Reference Book on the Snowflakes, a scroll of teleportation, a +0 robe, a +0 dagger, a ration
     0 | D:1      | Reached XP level 1. HP: 16/16 MP: 7/7
     0 | D:1      | Identified the Reference Book on the Snowflakes
     2 | D:1      | Learned a level 1 spell: Freeze
     4 | D:1      | Learned a level 1 spell: Magic Dart
    34 | D:1      | Reached skill level 1 in Ice Magic
   315 | D:1      | Reached XP level 2. HP: 23/23 MP: 7/9
   468 | D:1      | Reached skill level 2 in Ice Magic
  1152 | D:1      | Learned a level 2 spell: Blink
  1232 | D:2      | Found a shadowy altar of Dithmenos.
  1610 | D:2      | Reached XP level 3. HP: 22/28 MP: 6/10
  1774 | D:2      | Reached skill level 3 in Ice Magic
  1866 | D:2      | Reached XP level 4. HP: 29/35 MP: 7/12
  1990 | D:2      | Found a burning altar of Makhleb.
  2029 | D:2      | Noticed Terence
  2041 | D:2      | Killed Terence
  2041 | D:2      | Reached skill level 4 in Ice Magic
  2108 | D:2      | Learned a level 3 spell: Conjure Flame
  2343 | D:2      | Found a burning altar of Makhleb.
  2680 | D:3      | Noticed Ijyb
  2705 | D:3      | Noticed Suckerboh's ghost (novice FoAK)
  2719 | D:2      | Learned a level 3 spell: Mephitic Cloud
  2768 | D:3      | Reached XP level 5. HP: 23/40 MP: 9/13
  2772 | D:3      | Mangled by a gnoll

Skill      XL: |  1  2  3  4 |
---------------+-------------+-----
Ice Magic      | 1 2 3 4 |  4.5
Fighting       | |  1.0
Short Blades   | |  1.0
Throwing       | |  1.0
Stealth        | |  1.0
Spellcasting   | |  3.6
Translocations | |  1.0
Evocations     | |  1.0

Action                   |  1- 3 |  4- 6 || total
-------------------------+-------+-------++-------
Melee: Dagger            |     5 |       ||     5
 Cast: Freeze            |    70 |    42 ||   112
       Magic Dart        |    12 |     7 ||    19
  Use: Scroll            |     3 |       ||     3
  Eat: Chunk             |     3 |     2 ||     5
Armor: Robe              |     4 |     3 ||     7
Dodge: Dodged            |    28 |    24 ||    52
       Deflected         |       |     3 ||     3
